 Dungeon Crawl Stone Soup version 0.25-a0-287-g56a5b49 (webtiles) character file.

Game seed: 16561446121666199404, levelgen mode: deterministic

7176 Alex the Basher (level 11, -5/51 HPs)
             Began as a Gargoyle Fighter on Dec 13, 2019.
             Was an Initiate of Gozag.
             Slain by a large abomination (10 damage)
             ... on level 2 of the Abyss.
             The game lasted 00:33:08 (11393 turns).

Alex the Basher (Gargoyle Fighter)                 Turns: 11393, Time: 00:33:09

Health: -5/51      AC: 32    Str: 23    XL:     11   Next: 11%
Magic:  0/8        EV:  6    Int:  9    God:    Gozag
Gold:   2271       SH: 12    Dex: 13    Spells: 10/10 levels left

rFire    . . .     SeeInvis .   a - +1 flail
rCold    . . .     Gourm    .   c - +1 shield
rNeg     + . .     Faith    .   A - +12 chain mail of Entitlement {rPois Dex+4}
rPois    ∞         Spirit   +   B - +0 helmet
rElec    +         Reflect  .   l - +0 cloak
rCorr    .         Harm     .   (no gloves)
MR       .....                  (no boots)
Stlth    ..........             r - amulet of guardian spirit
HPRegen  0.17/turn              (no ring)
MPRegen  0.11/turn              (no ring)

@: about to teleport
A: [frail 2], [low mp 2], negative energy resistance 1, [screaming 2],
electricity resistance, unbreathing, petrification resistance, rot immunity, AC
+8
a: Potion Petition, Call Merchant, Bribe Branch, Renounce Religion


You were on level 2 of the Abyss.
You worshipped Gozag.
Gozag was most pleased with you.
You were hungry.

You visited 2 branches of the dungeon, and saw 10 of its levels.
You visited the Abyss 1 time.
You also visited: Sewer.

You collected 2309 gold pieces.
You paid 38 gold pieces to Gozag.

Inventory:

Hand Weapons
 a - a +1 flail (weapon)
Armour
 b - a +0 scale mail
 c - a +1 shield (worn)
 l - a +0 cloak (worn)
 A - the +12 chain mail of Entitlement (worn) {rPois Dex+4}
   (You found it on level 8 of the Dungeon)

   It affects your dexterity (+4).
   It protects you from poison.
 B - a +0 helmet (worn)
Jewellery
 r - an amulet of guardian spirit (around neck)
Wands
 x - a wand of random effects (14)
 D - a wand of digging (7)
Scrolls
 e - 2 scrolls of enchant armour
 g - 2 scrolls of random uselessness
 i - 6 scrolls of remove curse
 k - 3 scrolls of amnesia
 o - 4 scrolls of identify
 t - 7 scrolls of teleportation
 y - 2 scrolls of enchant weapon
Potions
 d - 2 potions of might
 h - a potion of resistance {unknown}
 j - 2 potions of heal wounds {unknown}
 m - 4 potions of curing
 n - 2 potions of ambrosia {unknown}
 p - 2 potions of cancellation {unknown}
 q - 6 potions of flight
 s - 3 potions of mutation {unknown}
 u - 2 potions of berserk rage {unknown}
 v - 2 potions of degeneration {unknown}
 w - a potion of lignification {unknown}
 z - a potion of haste {unknown}
 C - 2 potions of magic {unknown}
 E - 2 potions of invisibility {unknown}
Comestibles
 f - 11 rations


   Skills:
 + Level 6.2 Fighting
 - Level 14.0 Maces & Flails
 + Level 5.4 Armour
 + Level 7.0 Shields


You had 10 spell levels left.
You didn't know any spells.
Your spell library contained the following spells:

 Spells                   Type           Power        Failure   Level  Hunger
 Confusing Touch          Hex            #.....       100%        1    ##.....
 Shock                    Conj/Air       #...         100%        1    ##.....
 Swiftness                Chrm/Air       #.......     100%        2    ###....
 Confuse                  Hex            #.......     100%        3    ####...
 Gell's Gravitas          Tloc           #.........   100%        3    ####...
 Static Discharge         Conj/Air       #.......     100%        3    ####...
 Airstrike                Air            #.........   100%        4    #####..
 Petrify                  Tmut/Erth      #.......     100%        4    #####..
 Lightning Bolt           Conj/Air       #.........   100%        5    ######.
 Metabolic Englaciation   Hex/Ice        #.........   100%        5    ######.
 Yara's Violent Unravell  Hex/Tmut       #.........   100%        5    ######.


Dungeon Overview and Level Annotations

Branches:
Dungeon (9/15)             Temple (1/1) D:6            Lair (0/6) D:8
  Sewer (visited)
    Orc: D:9-12

Altars:
Ashenzari
Cheibriados
Dithmenos
Elyvilon
Fedhas
Gozag
Hepliaklqana
Kikubaaqudgha
Makhleb
Nemelex Xobeh
Okawaru
Qazlal
Ru
Sif Muna
Trog
Uskayaw
Vehumet
Wu Jian
Xom
Yredelemnul
Zin
The Shining One

Shops:
D:7 %*

Annotations:
D:5 2 transporters, zinker24's ghost, novice DsBe
D:9 Psyche


Innate Abilities, Weirdness & Mutations

You are resistant to torment.
Your stone body is resilient. (AC +8)
You are immune to poison.
You resist negative energy. (rN+)
You are resistant to electric shocks. (rElec)
You can survive without breathing.
You are immune to petrification.
You are immune to rotting.
[You are very frail. (-20% HP)]
[Your magical capacity is very low. (-20% MP)]
[You sometimes yell uncontrollably at your foes.]


Message History

The large abomination hits you!
* * * LOW HITPOINT WARNING * * *
You block the large abomination's attack.
You hit the large abomination but do no damage.
The large abomination is almost destroyed.
The wretched star pulses with an eldritch light!
You feel less energetic. x2
You hit the large abomination but do no damage.
The large abomination is almost destroyed.
You block the large abomination's attack.
The large abomination hits you but does no damage.
You hit the large abomination but do no damage.
The large abomination is almost destroyed.
The large abomination hits you.
* * * LOW HITPOINT WARNING * * *
You barely miss the large abomination.
The large abomination is almost destroyed.
The large abomination hits you!
You die...
Your body crumbles into a pile of gold.

..# > # ## #
. .#....## .
## #..
..####.##..#
.# ..##..# .#
.. #....##
#.#.. # #
#.#.#.##.....
.# #X#X*# . .
#.@#.. # .#
#..####.. ..#
.. #..### #
...# .. ## #
. .


You could see a wretched star and 2 large abominations.

Vanquished Creatures
  A sun demon (Abyss:2)
  A kobold demonologist (D:8)
  A troll (D:9)
  A hippogriff (D:8)
  A ynoxinul (Abyss:2)
  3 hogs (D:7)
  A human (D:7)
  9 yaks
  A steam dragon (D:8)
  An orc warrior (D:7)
  A sky beast (D:6)
  A black bear (D:7)
  A phantom (D:4)
  4 ice beasts
  4 ogres
  4 centaurs
  8 big kobolds (D:8)
  3 bullfrogs
  A gnoll sergeant (D:7)
  2 scorpions
  4 killer bees (D:8)
  4 wights (D:9)
  5 crimson imps
  A quasit (D:6)
  4 hounds
  4 orc priests
  An iguana (D:6)
  Terence (D:2)
  4 orc wizards
  5 worker ants
  A merfolk siren (Sewer)
  A merfolk avatar (Sewer)
  4 worker ant zombies
  9 gnolls
  A howler monkey skeleton (D:8)
  15 adders
  5 shadow imps
  An ufetubus (Abyss:2)
  An adder skeleton (D:8)
  A worm (D:2)
  2 dart slugs
  4 leopard geckos
  23 orcs
  8 giant cockroaches
  7 goblins
  4 hobgoblins
  6 jackals
  5 quokkas
  6 ball pythons
  7 bats
  9 frilled lizards
  23 kobolds (D:8)
  10 kobold skeletons (D:8)
  8 kobold zombies (D:8)
  2 quokka skeletons
  32 rats
277 creatures vanquished.

Vanquished Creatures (others)
  A lurking horror (Abyss:2)
1 creature vanquished.

Grand Total: 278 creatures vanquished

Notes
Turn   | Place    | Note
-------+----------+-------------------------------------------
     0 | D:1      | Alex the Gargoyle Fighter began the quest for the Orb.
     0 | D:1      | Reached XP level 1. HP: 14/14 MP: 1/1
   179 | D:1      | You fall into a shaft and drop 1 floor!
   226 | D:2      | Reached skill level 3 in Maces & Flails
   226 | D:2      | Reached XP level 2. HP: 11/19 MP: 2/2
   294 | D:2      | Reached XP level 3. HP: 5/23 MP: 3/3
   801 | D:2      | Noticed Terence
   821 | D:2      | Killed Terence
   821 | D:2      | Reached skill level 4 in Maces & Flails
   821 | D:2      | Reached XP level 4. HP: 22/28 MP: 4/4
  1021 | D:1      | You fall into a shaft and drop 1 floor!
  2157 | D:3      | Reached skill level 5 in Maces & Flails
  2157 | D:3      | Reached XP level 5. HP: 27/32 MP: 5/5
  2194 | D:3      | Found a sacrificial altar of Ru.
  2195 | D:3      | Found an opulent altar of Gozag.
  2195 | D:3      | Found a radiant altar of Vehumet.
  2197 | D:3      | Found a stormy altar of Qazlal.
  2204 | D:3      | Became a worshipper of Gozag Ym Sagoz the Greedy
  3269 | D:4      | Reached skill level 6 in Maces & Flails
  3269 | D:4      | Reached XP level 6. HP: 33/37 MP: 6/6
  3432 | D:4      | Reached skill level 7 in Maces & Flails
  3464 | D:4      | Noticed a phantom
  3498 | D:4      | Reached XP level 7. HP: 16/41 MP: 7/7
  3965 | D:4      | Reached skill level 8 in Maces & Flails
  4175 | D:5      | Entered Level 5 of the Dungeon
  5024 | D:5      | Found a transporter.
  5024 | D:5      | Found a transporter.
  5024 | D:5      | Noticed zinker24's ghost (novice DsBe)
  5148 | D:5      | Reached skill level 9 in Maces & Flails
  5148 | D:5      | Reached XP level 8. HP: 33/46 MP: 8/8
  5479 | D:6      | Reached skill level 10 in Maces & Flails
  5571 | D:6      | Found a glowing drain.
  5582 | Sewer    | Entered a sewer
  6310 | D:6      | Found a staircase to the Ecumenical Temple.
  6318 | Temple   | Entered the Ecumenical Temple
  6439 | D:6      | Noticed a yak
  6444 | D:6      | Noticed a yak
  6444 | D:6      | Noticed a yak
  6446 | D:6      | Killed a yak
  6446 | D:6      | Reached skill level 11 in Maces & Flails
  6446 | D:6      | Reached XP level 9. HP: 51/51 MP: 9/9
  6793 | D:6      | Reached skill level 12 in Maces & Flails
  7141 | D:6      | Found a shimmering altar of Xom.
  7620 | D:7      | Reached XP level 10. HP: 30/56 MP: 7/10
  7961 | D:7      | Found Niophox's Food Shoppe.
  7978 | D:7      | Found an opulent altar of Gozag.
  7982 | D:7      | Found Gozag's Platinum Reserve.
  8082 | D:7      | Reached skill level 13 in Maces & Flails
  8520 | D:8      | Noticed a two-headed ogre
  8788 | D:8      | Found a staircase to the Lair.
  8810 | D:8      | Reached skill level 5 in Shields
  9362 | D:8      | Got a warped chain mail
  9373 | D:8      | Identified the +12 chain mail of Entitlement {rPois Dex+4}
                  | (You found it on level 8 of the Dungeon)
 10185 | D:8      | Reached skill level 5 in Armour
 10245 | D:8      | Noticed a kobold demonologist
 10251 | D:8      | Noticed a soul eater
 10310 | D:8      | Killed a kobold demonologist
 10445 | D:8      | Found an ancient bone altar of Kikubaaqudgha.
 10796 | D:9      | Reached skill level 5 in Fighting
 11015 | D:9      | Reached skill level 14 in Maces & Flails
 11068 | D:9      | Reached XP level 11. HP: 64/64 MP: 11/11
 11108 | D:9      | Found a hide-covered altar of Uskayaw.
 11110 | D:9      | Noticed Psyche
 11202 | D:9      | Cast into level 2 of the Abyss (Psyche)
 11202 | Abyss:2  | Found a corrupted altar of Lugonu.
 11220 | Abyss:2  | Noticed a sun demon
 11239 | Abyss:2  | Killed a sun demon
 11304 | Abyss:2  | Found a corrupted altar of Lugonu.
 11339 | Abyss:2  | Noticed a bone dragon
 11343 | Abyss:2  | Found a corrupted altar of Lugonu.
 11363 | Abyss:2  | Noticed a wretched star
 11372 | Abyss:2  | Noticed a large abomination
 11381 | Abyss:2  | Noticed a wretched star
 11393 | Abyss:2  | Slain by a large abomination

Levels and vault maps discovered:
D:1:      evilmike_arrival_rings, layout_rooms, chequers_serial_rivers_large_b
D:2:      layout_basic, uniq_terence
D:3:      layout_basic, lemuel_doored_altar,
          chequers_temple_overflow_statue_of_worship
D:4:      layout_rooms, minmay_fractal_squares_gapless_5
D:5:      layout_basic, gammafunk_ghost_arena, first_ration, chequers_jeans,
          minivault_1, kennysheep_another_room
D:6:      layout_gridville, tgw_xom, minmay_temple_entry_junction,
          portal_sewer_entry_a
D:7:      layout_basic, serial_shops, shop_fountains,
          kennysheep_decorative_pillar, grunt_livestock,
          nicolae_gozag_zags_fifth_avenue
D:8:      wander_kiku_kobolds, layout_layer_cave, lair_entry_dummy,
          nrook_mini_vaults, bh_chokoban
D:9:      layout_gridville, nicolae_overflow_crystal_walls, uniq_psyche
Temple:   lightli_temple_of_artemis
Abyss:2:  base: D:3, hangedman_abyss_or_decor_stabs,
          hangedman_abyss_or_decor_stabs

Skill      XL: |  1  2  3  4  5  6  7  8  9 10 11 |
---------------+----------------------------------+-----
Maces & Flails | 3 4 5 6 7 9 11 12 14 | 14.0
Shields        | 4 6 7 |  7.0
Armour         | 4 5 |  5.4
Fighting       | 5 6 |  6.2

Action                   |  1- 3 |  4- 6 |  7- 9 | 10-12 || total
-------------------------+-------+-------+-------+-------++-------
Melee: Flail             |   108 |   263 |   500 |   523 ||  1394
  Use: Scroll            |       |       |    11 |     6 ||    17
 Stab: Distracted        |       |     1 |     1 |     3 ||     5
  Eat: Chunk             |       |     4 |       |       ||     4
       Ration            |       |     2 |     4 |     3 ||     9
Armor: Scale mail        |    78 |   104 |   185 |    47 ||   414
       Chain mail        |       |       |       |   159 ||   159
Dodge: Dodged            |    38 |    72 |   117 |    83 ||   310
Block: Shield            |    50 |   129 |   223 |   244 ||   646

Table legend:
 A = Non-vault XP
 B = Vault XP
 C = Vault XP percentage of total XP
 D = Non-vault monster count
 E = Vault monster count
 F = Vault count percentage of total count
                 A         B        C        D         E       F
            +---------+---------+-------+---------+---------+-------
      Total |    7722 |    2530 |  24.7 |     169 |     108 |  39.0
            +---------+---------+-------+---------+---------+-------
        D:1 |      18 |       0 |   0.0 |      10 |       0 |   0.0
        D:2 |      97 |      36 |  27.1 |      22 |       1 |   4.3
        D:3 |      96 |       0 |   0.0 |      18 |       0 |   0.0
        D:4 |     590 |      70 |  10.6 |      23 |       1 |   4.2
        D:5 |     409 |       0 |   0.0 |      16 |       0 |   0.0
        D:6 |    1880 |     109 |   5.5 |      26 |       6 |  18.8
        D:7 |     831 |    1002 |  54.7 |      13 |       5 |  27.8
        D:8 |    1093 |    1174 |  51.8 |      23 |      52 |  69.3
        D:9 |    1690 |       0 |   0.0 |      15 |       0 |   0.0
    Abyss:2 |    1018 |       0 |   0.0 |       3 |       0 |   0.0
      Sewer |       0 |     139 | 100.0 |       0 |      43 | 100.0
            +---------+---------+-------+---------+---------+-------
